 Dungeon Crawl Stone Soup version 0.23.2-1-ga50397a6bc (webtiles) character file.

Game seed: 8721652969591913477

2724 Gargoyl the Chopper (level 9, 0/74 HPs)
             Began as a Centaur Abyssal Knight on May 8, 2019.
             Was an Elder of Lugonu.
             Slain by an orc
             ... wielding a +2 mace of crushing
              (2 damage)
             ... on level 7 of the Dungeon.
             The game lasted 00:11:22 (6355 turns).

Gargoyl the Chopper (Centaur Abyssal Knight)        Turns: 6355, Time: 00:11:23

Health: 0/74       AC: 12    Str: 15    XL:     9   Next: 40%
Magic:  13/13      EV: 11    Int: 17    God:    Lugonu [****..]
Gold:   330        SH:  0    Dex: 12    Spells: 8/8 levels left

rFire    . . .     SeeInvis +   a - +4 hand axe
rCold    . . .     Gourm    .   (no shield)
rNeg     . . .     Faith    .   d - +6 leather armour of Rulew {Int+6}
rPois    .         Spirit   .   q - +0 helmet
rElec    .         Reflect  .   (no cloak)
rCorr    .         Harm     .   (no gloves)
MR       .....                  (no barding)
Stlth    +.........             h - amulet of regeneration
HPRegen  0.62/turn              k - ring of see invisible
MPRegen  0.13/turn              (no ring)

@: lethally poisoned (0 -> 0), slowed
A: large, hooves 3, deformed body, speed 2, tough skin 3
a: Depart the Abyss, Bend Space, Banish, Corrupt, Renounce Religion


You were on level 7 of the Dungeon.
You worshipped Lugonu.
Lugonu was greatly pleased with you.
You were hungry.

You visited 1 branch of the dungeon, and saw 7 of its levels.
You visited the Abyss 1 time.

You collected 330 gold pieces.

Inventory:

Hand Weapons
 a - a +4 hand axe (weapon)
Missiles
 m - 8 tomahawks (quivered)
Armour
 d - the +6 leather armour of Rulew (worn) {Int+6}
   (You found it on level 3 of the Abyss)

   It affects your intelligence (+6).
 q - a +0 helmet (worn)
Jewellery
 h - an amulet of regeneration (around neck)
 k - a ring of see invisible (left hand)
Scrolls
 f - 5 scrolls of remove curse
 i - 3 scrolls of identify
 p - a scroll of noise {unknown}
Potions
 b - 2 potions of curing {unknown}
 e - 2 potions of flight
 g - 3 potions of lignification {unknown}
 j - a potion of might
 l - 2 potions of magic {unknown}
 n - a potion of cancellation {unknown}
Comestibles
 c - 11 rations


   Skills:
 + Level 5.1 Fighting
 + Level 7.2 Axes
 + Level 1.1 Throwing
 * Level 4.5 Armour
 * Level 4.2 Dodging
 * Level 5.7 Invocations


You had 8 spell levels left.
You didn't know any spells.
Your spell library contained the following spells:

 Spells                   Type           Power        Failure   Level  Hunger
 Beastly Appendage        Tmut           #.....       28%         1    ##.....
 Sticks to Snakes         Tmut           #.......     41%         2    ###....
 Spider Form              Tmut/Pois      #.........   65%         3    ####...
 Ice Form                 Ice/Tmut       #.......     96%         4    #####..
 Blade Hands              Tmut           #.........   100%        5    ######.


Dungeon Overview and Level Annotations

Branches:
Dungeon (7/15)             Temple (0/1) D:5

Altars:
Ashenzari
Elyvilon
Makhleb
Qazlal
Ru
The Shining One

Shops:
D:5 (


Innate Abilities, Weirdness & Mutations

You have hooves in place of feet.
Armour fits poorly on your strangely shaped body.
You cover ground very quickly.
You have extremely tough skin. (AC +3)


Message History

Unknown command.
You feel sick. The orc closely misses you.
There is a stone staircase leading up here.
You see here a bullfrog corpse.
You hit the orc. Your kick misses the orc.
The orc is moderately wounded.
You feel sick.
The orc hits you with a +2 mace of crushing!
* * * LOW HITPOINT WARNING * * *
x2 A kobold comes into view. It is wielding a +0 dagger.
You barely miss the orc.
The orc is moderately wounded.
The kobold shouts!
You hear a shout! x2
The orc hits you but does no damage. x2
You feel sick.
A kobold comes into view.
You feel sick.
The orc hits you with a +2 mace of crushing.
* * * LOW HITPOINT WARNING * * *
You die...

†....#####..###.#
.....'........#.#
.....#####......# .....#
#....###
.....######..####
.....##.........#
.....##.....#.#.#######
.....##..........).)..#
.#######.#..##.#@o....#
.#
#.#..##.'...(...######.#
.# ##..#...##.# # .#
#....K####.# .## #..K..#
#.# ..# ####.....####.#
#.# #......(..<...#


You could see an orc and 2 kobolds.

Vanquished Creatures
  A hippogriff (D:7)
  Menkaure (D:7)
  An ice beast (D:7)
  A black bear (D:5)
  An orc warrior (D:6)
  A sky beast (D:6)
  A phantom (D:6)
  3 ogres
  A centaur (D:5)
  2 bullfrogs
  3 scorpions
  A bullfrog zombie (D:6)
  4 hounds
  A jelly (D:6)
  4 orc priests
  A bullfrog skeleton (D:5)
  A centaur skeleton (D:6)
  9 orc wizards
  Terence (D:2)
  An iguana (D:5)
  6 worker ants
  2 hound zombies (D:6)
  A howler monkey zombie (D:7)
  7 gnolls
  14 adders
  A shadow imp (D:5)
  An ooze (D:1)
  An adder skeleton (D:5)
  An adder zombie (D:5)
  2 worms
  A dart slug (D:3)
  2 leopard geckos
  21 orcs
  6 giant cockroaches
  8 goblins
  5 hobgoblins
  10 jackals
  A quokka (D:6)
  3 ball pythons
  4 bats (D:1)
  3 frilled lizards
  5 kobolds
  A quokka zombie (D:5)
  7 rats
152 creatures vanquished.

Vanquished Creatures (others)
  An ugly thing (D:6)
1 creature vanquished.

Grand Total: 153 creatures vanquished

Notes
Turn   | Place    | Note
-------+----------+-------------------------------------------
     0 | Abyss:1  | Gargoyl the Centaur Abyssal Knight began the quest for the
                  | Orb.
     0 | Abyss:1  | Reached XP level 1. HP: 19/19 MP: 2/2
    45 | Abyss:3  | Got a scorched leather armour
    46 | Abyss:3  | Noticed a smoke demon
    47 | D:1      | Escaped the Abyss
    58 | D:1      | Identified the +6 leather armour of Rulew {Int+6} (You
                  | found it on level 3 of the Abyss)
    94 | D:1      | Reached XP level 2. HP: 21/26 MP: 3/3
   141 | D:1      | Reached * piety under Lugonu
   520 | D:1      | Reached skill level 2 in Axes
   520 | D:1      | Reached skill level 1 in Dodging
   520 | D:1      | Reached XP level 3. HP: 31/31 MP: 4/4
  1153 | D:2      | Noticed Terence
  1162 | D:2      | Killed Terence
  1162 | D:2      | Reached XP level 4. HP: 29/38 MP: 5/5
  1920 | D:3      | Found a stormy altar of Qazlal.
  1920 | D:3      | Found a burning altar of Makhleb.
  1922 | D:3      | Found a white marble altar of Elyvilon.
  2081 | D:3      | Found a shattered altar of Ashenzari.
  2255 | D:3      | Found a glowing golden altar of the Shining One.
  2384 | D:3      | Found a faded altar of an unknown god.
  2402 | D:3      | Reached ** piety under Lugonu
  2576 | D:4      | Reached XP level 5. HP: 44/46 MP: 7/7
  2647 | D:4      | Reached skill level 3 in Axes
  2899 | D:4      | Reached XP level 6. HP: 23/52 MP: 8/8
  3098 | D:4      | You fall through a shaft!
  3098 | D:5      | Entered Level 5 of the Dungeon
  3098 | D:5      | Found a sacrificial altar of Ru.
  3176 | D:5      | Found a staircase to the Ecumenical Temple.
  3559 | D:4      | Reached skill level 4 in Axes
  3804 | D:4      | Reached XP level 7. HP: 57/59 MP: 9/9
  4155 | D:5      | Reached *** piety under Lugonu
  4238 | D:5      | Found Lotuesoa's Antique Weapon Shop.
  4677 | D:6      | Noticed a brown ugly thing
  4780 | D:6      | Banished a brown ugly thing
  4780 | D:6      | Reached skill level 5 in Axes
  4780 | D:6      | Reached XP level 8. HP: 63/67 MP: 11/11
  5234 | D:5      | Reached skill level 5 in Invocations
  5263 | D:5      | Reached skill level 6 in Axes
  5677 | D:6      | Reached XP level 9. HP: 61/73 MP: 11/13
  6145 | D:7      | Noticed Menkaure
  6149 | D:7      | Killed Menkaure
  6149 | D:7      | Reached skill level 5 in Fighting
  6183 | D:7      | Reached skill level 7 in Axes
  6341 | D:7      | Reached **** piety under Lugonu
  6349 | D:7      | Reached skill level 1 in Throwing
  6355 | D:7      | HP: 2/74 [orc/+2 mace of crushing (5)]
  6355 | D:7      | Slain by an orc

Skill      XL: |  1  2  3  4  5  6  7  8  9 |
---------------+----------------------------+-----
Axes           | 2 3 4 5 6 7 |  7.2
Dodging        | 1 2 3 4 |  4.2
Armour         | 2 3 4 |  4.5
Invocations    | 3 4 5 |  5.7
Fighting       | 4 5 |  5.1
Throwing       | 1 |  1.1

Action                   |  1- 3 |  4- 6 |  7- 9 || total
-------------------------+-------+-------+-------++-------
Melee: Hand axe          |    76 |   144 |   285 ||   505
       Kick              |    14 |    30 |    80 ||   124
Throw: Javelin           |       |     3 |     6 ||     9
       Tomahawk          |       |     1 |       ||     1
Invok: Depart the Abyss  |     1 |       |       ||     1
       Banish            |       |       |     1 ||     1
  Use: Scroll            |     3 |     5 |     7 ||    15
       Potion            |       |     5 |       ||     5
  Eat: Chunk             |       |     3 |     7 ||    10
       Ration            |       |     1 |       ||     1
Armor: Leather armour    |    40 |    93 |   146 ||   279
Dodge: Dodged            |    31 |    94 |   160 ||   285
